[ AOE2 MATCH · #478301598 ]
Team RMCelts vs Khmer
[ REPLAY ANALYSIS · EXTRACTED FROM THE RECORDED GAME ]
Feudal
12:37
Castle
18:51
Imperial
—
| APM avg | 11.1 |
| APM peak | 31 |
| eAPM avg | 9.9 |
| Villagers / military | 108 / 83 |
Focus
⚔️ 24.5% · 🌾 75.5%
Spearman ×65 · Trade Cart ×9 · Mangonel ×8 · Woad Raider ×6 · Battering Ram ×2 · Militia ×2
Feudal
10:31
Castle
14:08
Imperial
36:22
| APM avg | 42.2 |
| APM peak | 105 |
| eAPM avg | 22.0 |
| Villagers / military | 160 / 295 |
Focus
⚔️ 34.9% · 🌾 65.1%
Steppe Lancer ×180 · Mangudai ×65 · Trade Cart ×47 · Scout Cavalry ×20 · Battering Ram ×12 · Scorpion ×9
Feudal
13:18
Castle
17:38
Imperial
38:34
| APM avg | 22.8 |
| APM peak | 86 |
| eAPM avg | 18.4 |
| Villagers / military | 281 / 357 |
Focus
⚔️ 27.2% · 🌾 72.8%
Spearman ×248 · Hand Cannoneer ×54 · Hussite Wagon ×28 · Bombard Cannon ×16 · Trade Cart ×6 · Mangonel ×6
Feudal
11:48
Castle
14:53
Imperial
37:29
| APM avg | 46.6 |
| APM peak | 104 |
| eAPM avg | 21.7 |
| Villagers / military | 135 / 186 |
Focus
⚔️ 24.5% · 🌾 75.5%
Knight ×129 · Ballista Elephant ×37 · Scout Cavalry ×7 · Mangonel ×4 · Battering Ram ×4 · Trebuchet (Packed) ×3
Match map
Resources at game start + every placement click. Thick line = wall · dashed box = detected house wall. 🟡 gold · ⚪ stone · 🟢 berries · 🔶 boar · ⭕ relic
Inputs per minute
— simirfan - - 82160698
Build order — simirfan
First 150 of 253 actions detected
| 0:02 | Research | Loom |
| 0:03 | Create | Villager (Male) ×4 |
| 0:05 | Build | House |
| 0:06 | Build | House |
| 0:20 | Build | Palisade Wall |
| 2:26 | Build | Palisade Wall |
| 2:38 | Create | Villager (Male) |
| 2:39 | Create | Villager (Male) |
| 3:18 | Create | Villager (Male) ×2 |
| 3:18 | Create | Villager (Male) ×2 |
| 4:12 | Build | Lumber Camp |
| 4:19 | Create | Villager (Male) ×2 |
| 4:26 | Build | House |
| 5:06 | Create | Villager (Male) |
| 5:16 | Build | House |
| 5:22 | Create | Villager (Male) |
| 6:09 | Build | Lumber Camp |
| 6:13 | Create | Villager (Male) ×2 |
| 6:47 | Build | Mill |
| 7:19 | Create | Villager (Male) |
| 7:29 | Create | Villager (Male) ×2 |
| 8:20 | Create | Villager (Male) |
| 8:41 | Create | Villager (Male) |
| 8:42 | Create | Villager (Male) |
| 9:06 | Build | Mining Camp |
| 9:15 | Build | House |
| 9:16 | Build | House |
| 10:27 | Research | Feudal Age |
| 10:43 | Build | Mill |
| 10:54 | Build | Barracks |
| 11:20 | Build | Mill |
| 11:32 | Create | Villager (Male) |
| 11:33 | Create | Villager (Male) |
| 12:31 | Create | Villager (Male) |
| 12:31 | Create | Villager (Male) |
| 12:37 | Age | Feudal Age |
| 12:53 | Build | Stone Wall |
| 13:09 | Build | Stone Wall |
| 13:28 | Build | Blacksmith |
| 13:35 | Create | Villager (Male) |
| 13:48 | Build | Market |
| 14:03 | Create | Villager (Male) |
| 14:25 | Build | Stone Wall |
| 14:39 | Create | Villager (Male) |
| 15:11 | Research | Double-Bit Axe |
| 15:29 | Build | Mining Camp |
| 15:53 | Build | Stone Wall |
| 16:11 | Research | Castle Age |
| 16:17 | Build | House |
| 16:19 | Build | House |
| 17:12 | Build | Barracks |
| 17:26 | Create | Villager (Male) |
| 17:39 | Research | Horse Collar |
| 17:52 | Create | Villager (Male) |
| 18:00 | Research | Stone Mining |
| 18:03 | Research | Gold Mining |
| 18:09 | Create | Trade Cart |
| 18:09 | Create | Trade Cart |
| 18:45 | Build | Farm |
| 18:45 | Build | Farm |
| 18:45 | Build | Farm |
| 18:45 | Build | Farm |
| 18:46 | Build | Farm |
| 18:46 | Build | Farm |
| 18:46 | Build | Farm |
| 18:51 | Age | Castle Age |
| 19:14 | Build | Farm |
| 19:14 | Build | Farm |
| 19:14 | Build | Farm |
| 19:15 | Build | Farm |
| 19:15 | Build | Farm |
| 19:20 | Create | Villager (Male) |
| 19:42 | Build | Farm |
| 19:42 | Build | Farm |
| 19:43 | Build | Farm |
| 19:43 | Build | Farm |
| 19:43 | Build | Farm |
| 19:48 | Create | Villager (Male) |
| 19:59 | Build | Farm |
| 19:59 | Build | Farm |
| 20:00 | Build | Farm |
| 20:03 | Create | Villager (Male) |
| 20:19 | Research | Stone Shaft Mining |
| 20:43 | Build | Siege Workshop |
| 20:54 | Build | Farm |
| 20:58 | Create | Villager (Male) ×2 |
| 21:16 | Build | Farm |
| 21:17 | Build | Farm |
| 21:17 | Build | Farm |
| 21:24 | Create | Villager (Male) |
| 21:25 | Create | Villager (Male) |
| 21:25 | Create | Villager (Male) |
| 22:20 | Build | Town Center |
| 22:38 | Create | Villager (Male) |
| 22:51 | Research | Pikeman (upgrade) |
| 22:52 | Create | Spearman |
| 22:52 | Create | Spearman |
| 22:52 | Create | Spearman |
| 22:59 | Build | Barracks |
| 23:47 | Create | Spearman ×5 |
| 23:48 | Create | Spearman ×2 |
| 24:26 | Build | Mining Camp |
| 24:50 | Build | Castle |
| 24:58 | Create | Spearman |
| 25:08 | Create | Villager (Male) ×2 |
| 25:08 | Create | Villager (Male) ×2 |
| 25:42 | Research | Arson |
| 25:47 | Create | Villager (Male) |
| 26:03 | Create | Villager (Male) |
| 26:32 | Create | Villager (Male) |
| 26:32 | Create | Villager (Male) |
| 27:19 | Create | Spearman ×4 |
| 27:33 | Create | Villager (Male) |
| 27:41 | Create | Villager (Male) |
| 28:14 | Create | Villager (Male) ×2 |
| 28:33 | Create | Mangonel |
| 28:44 | Create | Woad Raider |
| 29:05 | Create | Mangonel |
| 29:51 | Create | Spearman ×5 |
| 30:26 | Create | Villager (Male) ×4 |
| 30:47 | Create | Mangonel |
| 30:52 | Create | Battering Ram |
| 30:55 | Create | Militia |
| 31:09 | Create | Battering Ram |
| 31:21 | Build | Castle |
| 32:07 | Create | Militia |
| 32:10 | Create | Spearman |
| 32:45 | Create | Mangonel |
| 33:03 | Create | Villager (Male) ×4 |
| 33:18 | Build | Town Center |
| 33:52 | Create | Mangonel |
| 34:14 | Create | Spearman |
| 34:50 | Create | Mangonel |
| 35:13 | Build | Lumber Camp |
| 36:20 | Build | Town Center |
| 36:38 | Build | Farm |
| 36:38 | Build | Farm |
| 36:38 | Build | Farm |
| 36:39 | Build | Farm |
| 36:39 | Build | Farm |
| 36:39 | Build | Farm |
| 37:15 | Create | Mangonel |
| 37:57 | Build | Farm |
| 38:11 | Create | Mangonel |
| 38:23 | Create | Spearman ×2 |
| 39:32 | Create | Villager (Male) ×2 |
| 39:47 | Build | Farm |
| 39:47 | Build | Farm |
| 39:47 | Build | Farm |
| 39:48 | Build | Farm |
Build order — 82160698
First 150 of 496 actions detected
| 0:01 | Create | Villager (Male) |
| 0:01 | Create | Villager (Male) |
| 0:01 | Create | Villager (Male) |
| 0:03 | Build | House |
| 0:04 | Build | House |
| 0:18 | Create | Villager (Male) |
| 0:18 | Create | Villager (Male) |
| 1:25 | Create | Villager (Male) |
| 1:46 | Create | Villager (Male) |
| 2:05 | Create | Villager (Male) |
| 2:05 | Create | Villager (Male) |
| 2:23 | Create | Villager (Male) |
| 2:24 | Create | Villager (Male) |
| 2:24 | Create | Villager (Male) |
| 2:27 | Build | Lumber Camp |
| 2:40 | Create | Villager (Male) |
| 2:40 | Create | Villager (Male) |
| 3:01 | Build | House |
| 3:02 | Build | House |
| 3:05 | Create | Villager (Male) |
| 3:05 | Create | Villager (Male) |
| 3:23 | Create | Villager (Male) |
| 3:23 | Create | Villager (Male) |
| 3:41 | Create | Villager (Male) |
| 3:41 | Create | Villager (Male) |
| 3:54 | Create | Villager (Male) |
| 3:55 | Create | Villager (Male) |
| 4:24 | Create | Villager (Male) |
| 4:25 | Create | Villager (Male) |
| 4:26 | Create | Villager (Male) |
| 4:26 | Create | Villager (Male) |
| 5:08 | Build | Mill |
| 6:06 | Create | Villager (Male) |
| 7:27 | Create | Villager (Male) |
| 7:29 | Create | Villager (Male) |
| 7:56 | Create | Villager (Male) |
| 8:02 | Build | Mining Camp |
| 8:08 | Research | Feudal Age |
| 8:21 | Create | Villager (Male) |
| 8:36 | Build | Palisade Wall |
| 8:42 | Build | Building 796 |
| 8:46 | Create | Villager (Male) |
| 9:20 | Build | Farm |
| 10:12 | Build | House |
| 10:31 | Age | Feudal Age |
| 10:38 | Build | Market |
| 10:44 | Build | Blacksmith |
| 10:50 | Build | House |
| 10:54 | Create | Villager (Male) |
| 11:22 | Create | Villager (Male) |
| 11:28 | Research | Castle Age |
| 11:28 | Research | Castle Age |
| 11:28 | Research | Castle Age |
| 11:51 | Research | Double-Bit Axe |
| 11:52 | Research | Horse Collar |
| 11:52 | Research | Horse Collar |
| 12:17 | Create | Villager (Male) |
| 12:55 | Create | Villager (Male) |
| 14:08 | Age | Castle Age |
| 14:10 | Build | Town Center |
| 14:15 | Build | Town Center |
| 14:26 | Research | Bow Saw |
| 14:37 | Build | Farm |
| 14:38 | Build | Farm |
| 14:48 | Research | Heavy Plow |
| 15:06 | Build | Farm |
| 15:36 | Build | Farm |
| 15:40 | Build | Farm |
| 15:41 | Build | Farm |
| 15:49 | Build | Farm |
| 15:52 | Build | Farm |
| 15:52 | Create | Villager (Male) |
| 15:53 | Create | Villager (Male) |
| 15:53 | Create | Villager (Male) |
| 16:13 | Build | Farm |
| 16:15 | Build | Farm |
| 16:19 | Build | Farm |
| 16:24 | Create | Villager (Male) |
| 16:24 | Create | Villager (Male) |
| 16:24 | Create | Villager (Male) |
| 16:33 | Create | Villager (Male) |
| 16:33 | Create | Villager (Male) |
| 16:38 | Build | House |
| 16:46 | Create | Villager (Male) |
| 16:46 | Create | Villager (Male) |
| 16:49 | Build | House |
| 16:58 | Build | Farm |
| 17:00 | Build | Farm |
| 17:02 | Create | Villager (Male) |
| 17:02 | Create | Villager (Male) |
| 17:02 | Create | Villager (Male) |
| 17:14 | Build | Stone Wall |
| 17:19 | Build | House |
| 17:21 | Create | Villager (Male) |
| 17:21 | Create | Villager (Male) |
| 17:25 | Build | Farm |
| 17:26 | Build | Farm |
| 17:30 | Create | Villager (Male) |
| 17:30 | Create | Villager (Male) |
| 17:39 | Create | Villager (Male) |
| 17:39 | Create | Villager (Male) |
| 17:40 | Create | Villager (Male) |
| 17:52 | Build | Farm |
| 17:52 | Build | Farm |
| 17:56 | Create | Villager (Male) |
| 17:56 | Create | Villager (Male) |
| 17:57 | Create | Villager (Male) |
| 17:57 | Create | Villager (Male) |
| 18:04 | Create | Villager (Male) |
| 18:04 | Create | Villager (Male) |
| 18:11 | Build | House |
| 18:20 | Build | House |
| 18:21 | Build | House |
| 18:22 | Build | House |
| 18:25 | Build | House |
| 18:28 | Create | Villager (Male) |
| 18:28 | Create | Villager (Male) |
| 18:28 | Create | Villager (Male) |
| 18:28 | Create | Villager (Male) |
| 18:42 | Create | Villager (Male) |
| 18:42 | Create | Villager (Male) |
| 18:42 | Create | Villager (Male) |
| 18:44 | Build | Farm |
| 18:48 | Create | Villager (Male) |
| 18:48 | Create | Villager (Male) |
| 19:11 | Build | Stone Wall |
| 19:24 | Create | Villager (Male) |
| 19:24 | Create | Villager (Male) |
| 19:24 | Create | Villager (Male) |
| 19:38 | Create | Villager (Male) |
| 19:38 | Create | Villager (Male) |
| 19:40 | Create | Villager (Male) |
| 19:40 | Create | Villager (Male) |
| 19:41 | Build | Farm |
| 19:42 | Build | Farm |
| 19:43 | Build | Farm |
| 20:00 | Build | Town Center |
| 20:03 | Build | Farm |
| 20:04 | Create | Villager (Male) |
| 20:04 | Create | Villager (Male) |
| 20:04 | Create | Villager (Male) |
| 20:16 | Build | Mining Camp |
| 20:30 | Create | Villager (Male) |
| 20:31 | Create | Villager (Male) |
| 20:31 | Create | Villager (Male) |
| 20:34 | Build | Farm |
| 20:35 | Build | Farm |
| 20:43 | Create | Villager (Male) |
| 20:43 | Create | Villager (Male) |
| 20:44 | Create | Villager (Male) |
Build order — M.S.
First 150 of 601 actions detected
| 0:02 | Create | Villager (Male) |
| 0:02 | Create | Villager (Male) |
| 0:02 | Create | Villager (Male) |
| 0:02 | Create | Villager (Male) |
| 0:02 | Create | Villager (Male) |
| 0:02 | Create | Villager (Male) |
| 0:02 | Create | Villager (Male) |
| 0:02 | Create | Villager (Male) |
| 0:02 | Create | Villager (Male) |
| 0:02 | Create | Villager (Male) |
| 0:02 | Create | Villager (Male) |
| 0:02 | Create | Villager (Male) |
| 0:02 | Create | Villager (Male) |
| 0:02 | Create | Villager (Male) |
| 0:02 | Create | Villager (Male) |
| 0:02 | Create | Villager (Male) |
| 0:02 | Create | Villager (Male) |
| 0:02 | Create | Villager (Male) |
| 0:02 | Create | Villager (Male) |
| 0:02 | Create | Villager (Male) |
| 0:02 | Create | Villager (Male) |
| 0:02 | Create | Villager (Male) |
| 0:02 | Create | Villager (Male) |
| 0:02 | Create | Villager (Male) |
| 0:02 | Create | Villager (Male) |
| 0:02 | Create | Villager (Male) |
| 0:02 | Create | Villager (Male) |
| 0:02 | Create | Villager (Male) |
| 0:02 | Create | Villager (Male) |
| 0:02 | Create | Villager (Male) |
| 0:02 | Create | Villager (Male) |
| 0:02 | Create | Villager (Male) |
| 0:02 | Create | Villager (Male) |
| 0:02 | Create | Villager (Male) |
| 0:02 | Create | Villager (Male) |
| 0:02 | Create | Villager (Male) |
| 0:02 | Create | Villager (Male) |
| 0:02 | Create | Villager (Male) |
| 0:02 | Create | Villager (Male) |
| 0:02 | Create | Villager (Male) |
| 0:02 | Create | Villager (Male) |
| 0:02 | Create | Villager (Male) |
| 0:02 | Create | Villager (Male) |
| 0:02 | Create | Villager (Male) |
| 0:02 | Create | Villager (Male) |
| 0:02 | Create | Villager (Male) |
| 0:02 | Create | Villager (Male) |
| 0:02 | Create | Villager (Male) |
| 0:02 | Create | Villager (Male) |
| 0:02 | Create | Villager (Male) |
| 0:02 | Create | Villager (Male) |
| 0:02 | Create | Villager (Male) |
| 0:02 | Create | Villager (Male) |
| 0:02 | Create | Villager (Male) |
| 0:02 | Create | Villager (Male) |
| 0:02 | Create | Villager (Male) |
| 0:04 | Build | House |
| 0:21 | Research | Loom |
| 0:22 | Create | Villager (Male) |
| 0:22 | Create | Villager (Male) |
| 0:22 | Create | Villager (Male) ×2 |
| 0:22 | Create | Villager (Male) |
| 2:03 | Create | Villager (Male) |
| 2:03 | Create | Villager (Male) |
| 2:20 | Build | House |
| 2:28 | Build | Palisade Wall |
| 2:37 | Create | Villager (Male) |
| 2:37 | Create | Villager (Male) |
| 2:37 | Create | Villager (Male) |
| 2:37 | Create | Villager (Male) |
| 2:37 | Create | Villager (Male) |
| 2:37 | Create | Villager (Male) |
| 2:37 | Create | Villager (Male) |
| 2:37 | Create | Villager (Male) |
| 2:37 | Create | Villager (Male) |
| 2:37 | Create | Villager (Male) |
| 2:37 | Create | Villager (Male) |
| 2:37 | Create | Villager (Male) |
| 2:37 | Create | Villager (Male) |
| 2:37 | Create | Villager (Male) |
| 2:37 | Create | Villager (Male) |
| 2:37 | Create | Villager (Male) |
| 2:37 | Create | Villager (Male) |
| 2:38 | Create | Villager (Male) |
| 2:38 | Create | Villager (Male) |
| 2:38 | Create | Villager (Male) |
| 2:38 | Create | Villager (Male) |
| 2:38 | Create | Villager (Male) |
| 2:38 | Create | Villager (Male) |
| 2:38 | Create | Villager (Male) |
| 2:38 | Create | Villager (Male) |
| 2:38 | Create | Villager (Male) |
| 2:38 | Create | Villager (Male) |
| 2:38 | Create | Villager (Male) |
| 2:38 | Create | Villager (Male) |
| 2:38 | Create | Villager (Male) |
| 2:38 | Create | Villager (Male) |
| 2:38 | Create | Villager (Male) |
| 2:38 | Create | Villager (Male) |
| 2:38 | Create | Villager (Male) |
| 2:38 | Create | Villager (Male) |
| 2:38 | Create | Villager (Male) |
| 2:38 | Create | Villager (Male) |
| 2:38 | Create | Villager (Male) |
| 2:38 | Create | Villager (Male) |
| 2:38 | Create | Villager (Male) |
| 2:38 | Create | Villager (Male) |
| 2:38 | Create | Villager (Male) |
| 2:38 | Create | Villager (Male) |
| 2:38 | Create | Villager (Male) |
| 2:38 | Create | Villager (Male) |
| 2:38 | Create | Villager (Male) |
| 2:38 | Create | Villager (Male) |
| 2:38 | Create | Villager (Male) |
| 2:38 | Create | Villager (Male) |
| 2:38 | Create | Villager (Male) |
| 2:38 | Create | Villager (Male) |
| 2:38 | Create | Villager (Male) |
| 2:38 | Create | Villager (Male) |
| 2:38 | Create | Villager (Male) |
| 2:38 | Create | Villager (Male) |
| 2:38 | Create | Villager (Male) |
| 2:38 | Create | Villager (Male) |
| 2:38 | Create | Villager (Male) |
| 2:38 | Create | Villager (Male) |
| 3:07 | Create | Villager (Male) |
| 3:07 | Create | Villager (Male) |
| 3:38 | Build | Palisade Wall |
| 3:50 | Create | Villager (Male) |
| 3:50 | Create | Villager (Male) |
| 3:50 | Create | Villager (Male) |
| 4:11 | Create | Villager (Male) |
| 4:11 | Create | Villager (Male) |
| 4:16 | Build | House |
| 4:31 | Build | House |
| 5:22 | Create | Villager (Male) |
| 5:22 | Create | Villager (Male) |
| 5:22 | Create | Villager (Male) |
| 6:05 | Build | Mill |
| 6:15 | Create | Villager (Male) |
| 6:15 | Create | Villager (Male) |
| 6:15 | Create | Villager (Male) |
| 6:48 | Create | Villager (Male) |
| 6:49 | Create | Villager (Male) |
| 7:13 | Build | Palisade Wall |
| 7:20 | Build | House |
| 7:25 | Create | Villager (Male) |
| 7:25 | Create | Villager (Male) |
| 7:25 | Create | Villager (Male) |
| 7:42 | Create | Villager (Male) |
Build order — missed and miss
First 150 of 516 actions detected
| 0:02 | Build | House |
| 0:03 | Build | House |
| 0:04 | Create | Villager (Male) ×4 |
| 1:29 | Create | Villager (Male) |
| 1:29 | Create | Villager (Male) |
| 1:30 | Create | Villager (Male) |
| 1:57 | Build | Lumber Camp |
| 2:18 | Create | Villager (Male) |
| 2:19 | Create | Villager (Male) |
| 2:19 | Create | Villager (Male) |
| 2:42 | Create | Villager (Male) |
| 2:42 | Create | Villager (Male) |
| 2:47 | Research | Loom |
| 2:50 | Create | Villager (Male) |
| 2:50 | Create | Villager (Male) |
| 2:50 | Create | Villager (Male) |
| 4:08 | Create | Villager (Male) |
| 4:09 | Create | Villager (Male) |
| 4:09 | Create | Villager (Male) |
| 4:09 | Create | Villager (Male) |
| 4:17 | Build | House |
| 5:22 | Create | Villager (Male) |
| 5:22 | Create | Villager (Male) |
| 5:35 | Create | Villager (Male) |
| 5:52 | Build | Mill |
| 5:59 | Create | Villager (Male) |
| 6:03 | Build | House |
| 6:23 | Create | Villager (Male) |
| 6:23 | Create | Villager (Male) |
| 6:53 | Create | Villager (Male) |
| 7:14 | Build | Farm |
| 7:28 | Create | Villager (Male) |
| 7:30 | Build | Farm |
| 7:31 | Build | Farm |
| 8:09 | Create | Villager (Male) |
| 8:25 | Build | Mining Camp |
| 8:27 | Create | Villager (Male) |
| 9:13 | Create | Villager (Male) |
| 9:19 | Build | Mining Camp |
| 9:26 | Research | Feudal Age |
| 10:10 | Build | House |
| 11:06 | Create | Villager (Male) |
| 11:06 | Create | Villager (Male) |
| 11:48 | Age | Feudal Age |
| 11:53 | Build | Market |
| 12:11 | Research | Castle Age |
| 12:40 | Research | Double-Bit Axe |
| 12:41 | Research | Double-Bit Axe |
| 13:04 | Create | Villager (Male) |
| 13:24 | Research | Horse Collar |
| 13:24 | Research | Horse Collar |
| 13:28 | Build | House |
| 14:53 | Age | Castle Age |
| 14:54 | Research | Bow Saw |
| 14:54 | Research | Bow Saw |
| 14:58 | Create | Villager (Male) |
| 15:22 | Build | Farm |
| 15:25 | Create | Villager (Male) |
| 15:43 | Build | Castle |
| 15:49 | Create | Villager (Male) |
| 16:24 | Create | Villager (Male) |
| 16:25 | Build | Farm |
| 17:03 | Create | Villager (Male) |
| 17:03 | Create | Villager (Male) |
| 17:24 | Build | Lumber Camp |
| 17:43 | Create | Villager (Male) |
| 18:03 | Create | Ballista Elephant |
| 18:10 | Create | Villager (Male) |
| 18:20 | Build | Farm |
| 18:34 | Create | Villager (Male) |
| 18:36 | Build | Farm |
| 18:51 | Build | Farm |
| 18:57 | Create | Ballista Elephant |
| 19:02 | Build | Barracks |
| 19:09 | Create | Villager (Male) |
| 19:11 | Build | Farm |
| 19:28 | Create | Villager (Male) |
| 19:35 | Build | Farm |
| 19:37 | Build | Farm |
| 19:46 | Build | Stable |
| 19:56 | Create | Villager (Male) |
| 20:02 | Build | Farm |
| 20:17 | Create | Villager (Male) |
| 20:23 | Build | Farm |
| 20:27 | Create | Ballista Elephant |
| 20:32 | Build | Stable |
| 20:36 | Create | Knight |
| 20:51 | Create | Villager (Male) |
| 20:53 | Build | Farm |
| 20:59 | Create | Villager (Male) |
| 21:14 | Build | Mining Camp |
| 21:18 | Create | Knight |
| 21:19 | Create | Villager (Male) |
| 21:22 | Create | Knight |
| 21:33 | Create | Villager (Male) |
| 21:45 | Create | Villager (Male) |
| 21:48 | Build | Farm |
| 22:01 | Create | Villager (Male) |
| 22:14 | Create | Villager (Male) |
| 22:16 | Create | Knight |
| 22:16 | Create | Knight |
| 22:28 | Create | Villager (Male) |
| 22:43 | Create | Villager (Male) |
| 22:50 | Build | House |
| 22:51 | Build | House |
| 22:52 | Build | House |
| 22:53 | Create | Villager (Male) |
| 23:18 | Build | Siege Workshop |
| 23:42 | Create | Villager (Male) |
| 23:42 | Create | Villager (Male) |
| 23:44 | Create | Knight |
| 23:59 | Create | Ballista Elephant |
| 23:59 | Create | Ballista Elephant |
| 24:17 | Create | Ballista Elephant |
| 24:17 | Create | Ballista Elephant |
| 24:37 | Create | Ballista Elephant |
| 24:38 | Create | Ballista Elephant |
| 24:51 | Create | Mangonel |
| 24:57 | Create | Villager (Male) |
| 25:00 | Build | Mining Camp |
| 25:47 | Create | Villager (Male) |
| 25:55 | Create | Villager (Male) |
| 26:08 | Create | Ballista Elephant |
| 26:12 | Create | Villager (Male) |
| 26:30 | Create | Villager (Male) |
| 26:51 | Create | Villager (Male) |
| 26:51 | Create | Villager (Male) |
| 26:54 | Research | Bloodlines |
| 26:55 | Create | Knight |
| 26:59 | Build | Monastery |
| 27:01 | Create | Villager (Male) |
| 27:07 | Create | Villager (Male) |
| 27:07 | Create | Villager (Male) |
| 27:20 | Create | Knight |
| 27:29 | Create | Villager (Male) |
| 27:36 | Build | House |
| 27:36 | Build | House |
| 27:36 | Build | House |
| 27:38 | Create | Villager (Male) |
| 28:15 | Create | Villager (Male) |
| 28:30 | Build | Castle |
| 29:08 | Create | Ballista Elephant |
| 29:08 | Create | Ballista Elephant |
| 29:22 | Create | Knight |
| 29:22 | Create | Knight |
| 30:00 | Create | Villager (Male) |
| 30:00 | Create | Villager (Male) |
| 30:02 | Create | Knight |
| 30:02 | Create | Knight |
| 30:28 | Create | Villager (Male) |
Match timeline
| 0:20 | simirfan · wall_segment Palisade Wall x12 |
| 2:26 | simirfan · wall_segment Palisade Wall x13 |
| 2:28 | M.S. · wall_segment Palisade Wall x11 |
| 3:38 | M.S. · wall_segment Palisade Wall x6 |
| 7:13 | M.S. · wall_segment Palisade Wall x10 |
| 8:36 | 82160698 · wall_segment Palisade Wall x11 |
| 10:31 | 82160698 · age_up feudal |
| 10:54 | simirfan · first_building Barracks |
| 11:48 | missed and miss · age_up feudal |
| 12:37 | simirfan · age_up feudal |
| 12:53 | simirfan · wall_segment Stone Wall x10 |
| 13:09 | simirfan · wall_segment Stone Wall x12 |
| 13:18 | M.S. · age_up feudal |
| 13:24 | M.S. · wall_segment Stone Wall x16 |
| 14:08 | 82160698 · age_up castle |
| 14:25 | simirfan · wall_segment Stone Wall x7 |
| 14:53 | missed and miss · age_up castle |
| 15:43 | missed and miss · first_building Castle |
| 15:53 | simirfan · wall_segment Stone Wall x13 |
| 16:03 | simirfan · first_market_buy 100 food |
| 16:08 | M.S. · wall_segment Stone Wall x15 |
| 16:08 | simirfan · first_market_sell 100 wood |
| 17:14 | 82160698 · wall_segment Stone Wall x15 |
| 17:38 | M.S. · age_up castle |
| 18:51 | simirfan · age_up castle |
| 19:02 | missed and miss · first_building Barracks |
| 19:11 | 82160698 · wall_segment Stone Wall x12 |
| 19:43 | M.S. · first_building Barracks |
| 19:46 | missed and miss · first_building Stable |
| 19:54 | M.S. · wall_segment Stone Wall x13 |
| 20:24 | M.S. · wall_segment Stone Wall x11 |
| 20:43 | simirfan · first_building Siege Workshop |
| 22:03 | 82160698 · first_building Barracks |
| 22:28 | M.S. · first_building Castle |
| 22:39 | M.S. · first_market_buy 100 food |
| 23:18 | missed and miss · first_building Siege Workshop |
| 24:38 | M.S. · tribute_sent a jugador 1 |
| 24:38 | M.S. · tribute_sent a jugador 3 |
| 24:38 | M.S. · tribute_sent a jugador 4 |
| 24:50 | simirfan · first_building Castle |
| 25:18 | M.S. · first_building Siege Workshop |
| 25:27 | 82160698 · first_building Stable |
| 26:59 | missed and miss · first_building Monastery |
| 27:05 | M.S. · first_building Monastery |
| 27:40 | M.S. · first_market_sell 500 stone |
| 29:21 | 82160698 · first_building Siege Workshop |
| 30:04 | M.S. · first_building Archery Range |
| 31:02 | 82160698 · tribute_sent a jugador 2 |
| 31:02 | 82160698 · tribute_sent a jugador 3 |
| 31:02 | 82160698 · tribute_sent a jugador 4 |
| 31:18 | 82160698 · first_building Castle |
| 35:43 | missed and miss · wall_segment Stone Wall x3 |
| 35:44 | missed and miss · wall_segment Stone Wall x1 |
| 35:47 | missed and miss · wall_segment Stone Wall x8 |
| 36:22 | 82160698 · age_up imperial |
| 37:29 | missed and miss · age_up imperial |
| 38:11 | missed and miss · wall_segment Stone Wall x1 |
| 38:34 | M.S. · age_up imperial |
| 44:42 | simirfan · wall_segment Stone Wall x4 |
| 44:44 | simirfan · wall_segment Stone Wall x5 |
| 46:21 | 82160698 · first_building Monastery |
| 49:21 | simirfan · wall_segment Stone Wall x18 |
| 50:12 | M.S. · wall_segment Stone Wall x17 |
| 53:07 | simirfan · wall_segment Stone Wall x4 |
| 53:09 | simirfan · wall_segment Stone Wall x5 |
| 56:34 | simirfan · wall_segment Stone Wall x5 |
| 58:40 | M.S. · tribute_sent a jugador 1 |
| 58:40 | M.S. · tribute_sent a jugador 3 |
| 58:40 | M.S. · tribute_sent a jugador 4 |
| 61:58 | 82160698 · first_market_sell 100 wood |
| 64:01 | missed and miss · first_market_sell 500 wood |
| 64:06 | M.S. · resign |
[ AI ANALYSIS · 1 CREDIT ]
What really happened in this match?
Wolo.gg analyzes every decision: build order, eco, micro, common mistakes by bracket. Personalized analysis on WhatsApp or Discord in 30 seconds.
Civ guide
Celts
Map guide
Black Forest
Perfil
Jugador #2024950